 Dungeon Crawl Stone Soup version 0.29-a0-409-gd843f3a48c (webtiles) character file.

Game seed: 15934928514873660236

61 exilicon the Conjurer (level 3, -3/27 HPs)
             Began as a Draconian Conjurer on May 14, 2022.
             Slain by an orc
             ... wielding a +0 falchion of protection
              (5 damage)
             ... on level 4 of the Dungeon.
             The game lasted 00:05:20 (2346 turns).

exilicon the Conjurer (Draconian Conjurer)          Turns: 2346, Time: 00:05:21

Health: -3/27      AC:  7    Str:  9    XL:     3   Next: 83%
Magic:  2/6        EV: 12    Int: 20    God:
Gold:   142        SH:  0    Dex:  9    Spells: 3/6 levels left

rFire   . . .      SeeInvis .   g - +0 dagger
rCold   . . .      Faith    .   (no shield)
rNeg    . . .      Spirit   .   (body armour unavailable)
rPois   .          Reflect  .   (helmet restricted)
rElec   .          Harm     .   j - +0 cloak
rCorr   .          Rampage  .   c - +0 pair of gloves
Will    +....                   (no boots)
Stlth   ++........              (no amulet)
HPRegen 0.09/turn               e - ring of willpower
MPRegen 0.10/turn               (no ring)

@: no status effects
A: AC +5, unfitting armour, cold-blooded
a: no special abilities


You were on level 4 of the Dungeon.
You visited 1 branch of the dungeon, and saw 4 of its levels.

You collected 142 gold pieces.

Inventory:

Hand Weapons
 g - a +0 dagger (weapon)
Armour
 c - a +0 pair of gloves (worn)
 d - a +0 robe of willpower
 j - a +0 cloak (worn)
Jewellery
 e - a ring of willpower (left hand)
 o - a +6 ring of dexterity
Scrolls
 b - 2 scrolls of teleportation {unknown}
 i - a scroll of identify {unknown}
 m - a scroll of amnesia {unknown}
Potions
 a - a potion of magic
 f - a potion of might {unknown}
 h - a potion of resistance {unknown}
 k - 2 potions of flight {unknown}
 l - a potion of heal wounds {unknown}
 n - a potion of haste {unknown}
 p - 2 potions of mutation {unknown}


   Skills:
 * Level 0.4 Fighting
 + Level 0.5 Short Blades
 * Level 2.7 Dodging
 * Level 2.1 Stealth
 + Level 2.1 Spellcasting
 + Level 4.5 Conjurations


You had 3 spell levels left.
You knew the following spells:

 Your Spells              Type           Power      Damage    Failure   Level
a - Magic Dart            Conj           80%        1d7       2%          1
b - Searing Ray           Conj           40%        2d5       3%          2

Your spell library contained the following spells:

 Spells                   Type           Power      Damage    Failure   Level
 Slow                     Hex            8%         N/A       16%         1
 Dazzling Flash           Conj/Hex       22%        N/A       19%         3
 Blink                    Tloc           4%         N/A       24%         2
 Confusing Touch          Hex            2%         N/A       43%         3
 Vampiric Draining        Necr           2%         2d6       43%         3
 Fulminant Prism          Conj/Hex       5%         3d7       52%         4
 Iskenderun's Mystic Bla  Conj/Tloc      11%        2d4       52%         4
 Manifold Assault         Tloc           2%         N/A       99%         5
 Yara's Violent Unravell  Hex/Tmut       1%         3d3       99%         5
 Enfeeble                 Hex            1%         N/A       100%        7
 Storm Form               Tmut/Air       1%         N/A       100%        7


Dungeon Overview and Level Annotations

Branches:
Dungeon (4/15)
 Temple: D:4-7

Altars:


Innate Abilities, Weirdness & Mutations

Your plain brown scales are hard. (AC +5)
You cannot fit into any form of body armour.
You are cold-blooded and may be slowed by cold attacks.


Message History

The orc hits you but does no damage.
You hit the orc but do no damage.
You tail-slap the orc, but do no damage.
The orc is moderately wounded.
The orc hits you but does no damage.
A hobgoblin comes into view.
The hobgoblin shouts!
You hit the orc but do no damage.
The orc is moderately wounded.
The orc closely misses you.
You closely miss the orc.
You tail-slap the orc, but do no damage.
The orc is moderately wounded.
The orc hits you with a +0 short sword.
* * * LOW HITPOINT WARNING * * *
The orc closely misses you.
You barely miss the orc.
The orc is moderately wounded.
The orc hits you with a +0 short sword.
* * * LOW HITPOINT WARNING * * *
The orc closely misses you.
You closely miss the orc.
The orc is moderately wounded.
The orc hits you but does no damage. The orc closely misses you.
You closely miss the orc.
The orc is moderately wounded.
The orc closely misses you. The orc barely misses you.
You hit the orc but do no damage.
The orc is moderately wounded.
The orc hits you but does no damage. The orc barely misses you.
You hit the orc but do no damage.
Your tail-slap misses the orc.
The orc is moderately wounded.
The orc hits you with a +0 falchion of protection.
* * * LOW HITPOINT WARNING * * *
The orc hits you but does no damage.
You hit the orc but do no damage.
The orc is moderately wounded.
The orc hits you but does no damage.
The orc hits you with a +0 falchion of protection.
You die...

#.#
#.#
#.#
#.#
#.#
#.#
#o#
#@#
#o#


#gw #... #.... .#.... . ##... . .... You could see a worm, 2 orcs and a
hobgoblin.

Vanquished Creatures
  An adder (D:2)
  A worm (D:2)
  5 orcs (D:3)
  3 ball pythons
  2 endoplasms (D:2)
  4 giant cockroaches
  5 goblins
  5 hobgoblins
  A quokka (D:1)
  5 bats (D:1)
  3 frilled lizards
  2 kobolds
  4 rats
41 creatures vanquished.

Notes
Turn   | Place    | Note
-------+----------+-------------------------------------------
     0 | D:1      | exilicon the Draconian Conjurer began the quest for the
                  | Orb.
     0 | D:1      | Reached XP level 1. HP: 14/14 MP: 3/3
   301 | D:1      | Reached XP level 2. HP: 12/20 MP: 0/5
   450 | D:1      | Learned a level 2 spell: Searing Ray
  1308 | D:2      | Found a faded altar of an unknown god.
  1496 | D:2      | Reached XP level 3. HP: 26/26 MP: 1/6
  2346 | D:4      | Slain by an orc

Illustrated notes

Levels and vault maps discovered:
D:1:      psy_arrival_statuary, layout_loops_ring
D:2:      layout_basic, ebering_ecumenical_altar_box
D:3:      minmay_spotlight, layout_loops_cross, gammafunk_ghost_split
D:4:      layout_loops_ring, mainiacjoe_overflow_paths,
          gammafunk_temple_overflow_wave, grunt_temple_overflow_diamond,
          gammafunk_temple_of_torment, minmay_pentomino_pile

Skill      XL: |  1  2 |
---------------+-------+-----
Stealth        | 2 |  2.1
Dodging        | 2 |  2.7
Fighting       | |  0.4
Short Blades   | |  0.5
Spellcasting   | |  2.1
Conjurations   | |  4.5

Action                   || total
-------------------------++-------
Melee: Unarmed           ||    22
       Tailslap          ||    18
       Dagger            ||   162
       Punch             ||     2
 Cast: Magic Dart        ||    27
       Searing Ray       ||     3
 Stab: Sleeping          ||     4
Armor: Skin              ||   120
Dodge: Dodged            ||   174

Table legend: (Time is in decaauts)
 A = Elapsed time spent in this place.
 B = Non-inter-level travel time spent in this place.
 C = Inter-level travel time spent in this place.
 D = Time resting spent in this place.
 E = Time spent auto-exploring this place.
 F = Levels seen in this place.
 G = Mean time per level.
                   A        B        C        D        E       F      G
               +--------+--------+--------+--------+--------+-----+--------+
         Total |   2343 |   2322 |     21 |    251 |   1501 |   4 |  585.8 |
       Dungeon |   2343 |   2322 |     21 |    251 |   1501 |   4 |  585.8 |
               +--------+--------+--------+--------+--------+-----+--------+

Top non-repeatable levels by time:
     D:1: 1219 daAuts
     D:2: 1089 daAuts
     D:3: 20 daAuts
     D:4: 13 daAuts
